 Dungeon Crawl Stone Soup version 0.28.0-45-g0d030f2227 (webtiles) character file.

Game seed: 8143634481719507640

69 pkoi the Gusty (level 3, 0/26 HPs)
             Began as a Demigod Air Elementalist on Apr 25, 2022.
             Succumbed to an adder's poison
             ... on level 2 of the Dungeon.
             The game lasted 00:01:33 (2338 turns).

pkoi the Gusty (Demigod Air Elementalist)           Turns: 2338, Time: 00:01:33

Health: 0/26       AC:  2    Str:  9    XL:     3   Next: 75%
Magic:  2/8        EV: 12    Int: 21    God:
Gold:   29         SH:  0    Dex: 14    Spells: 4/5 levels left

rFire   . . .      SeeInvis .   g - +1 whip (vamp)
rCold   . . .      Faith    .   (no shield)
rNeg    . . .      Spirit   .   a - +0 robe
rPois   .          Reflect  .   (no helmet)
rElec   .          Harm     .   (no cloak)
rCorr   .          Rampage  .   (no gloves)
Will    .....                   (no boots)
Stlth   ++........              (no amulet)
HPRegen 0.08/turn               (no ring)
MPRegen 0.11/turn               (no ring)

@: lethally poisoned (0 -> -2), flying
A: high MP 1, forlorn, divine attributes
a: no special abilities


You were on level 2 of the Dungeon.
You visited 1 branch of the dungeon, and saw 2 of its levels.

You collected 29 gold pieces.

Inventory:

Hand Weapons
 b - a +0 short sword
 d - a +0 dagger
 g - a +1 vampiric whip (weapon)
Armour
 a - a +0 robe (worn)
Wands
 h - a wand of polymorph (2)
Scrolls
 c - a scroll of identify {unknown}
 f - 2 scrolls of holy word {unknown}
Potions
 i - a potion of attraction {unknown}


   Skills:
 - Level 1.7 Dodging
 - Level 1.7 Stealth
 - Level 1.7 Spellcasting
 - Level 0.8 Conjurations
 + Level 4.5 Air Magic


You had 4 spell levels left.
You knew the following spells:

 Your Spells              Type           Power      Damage    Failure   Level
a - Shock                 Conj/Air       52%        1d6       4%          1

Your spell library contained the following spells:

 Spells                   Type           Power      Damage    Failure   Level
 Swiftness                Air            20%        N/A       7%          3
 Static Discharge         Conj/Air       13%        N/A       8%          2
 Airstrike                Air            10%        N/A       24%         4
 Confusing Touch          Hex            1%         N/A       41%         3
 Yara's Violent Unravell  Hex/Tmut       0%         3d3       99%         5
 Enfeeble                 Hex            0%         N/A       100%        7


Dungeon Overview and Level Annotations

Branches:
Dungeon (2/15)


Innate Abilities, Weirdness & Mutations

You have an increased reservoir of magic. (+10% MP)
You shall have no god before yourself.
Your divine heritage dramatically boosts your attributes as you level up.


Message History

The adder barely misses you.
You closely miss the adder.
The adder is almost dead.
You feel sick. The adder barely misses you.
You miss the adder.
The adder is almost dead.
You feel sick. The adder barely misses you. The adder bites you.
* * * LOW HITPOINT WARNING * * *
You are more poisoned.
The adder poisons you!
You closely miss the adder.
The adder is almost dead.
You feel sick. The adder closely misses you.
You miss the adder.
The adder is almost dead.
You feel sick. The adder bites you.
* * * LOW HITPOINT WARNING * * *
The adder bites you.
* * * LOW HITPOINT WARNING * * *
You closely miss the adder.
The adder is almost dead.
* * * LOW HITPOINT WARNING * * *
You feel sick. The adder barely misses you.
You barely miss the adder.
The adder is almost dead.
* * * LOW HITPOINT WARNING * * *
You feel sick. The adder closely misses you.
Unknown command.
Aiming: Shock (safe; 5% risk of failure)
Press: ? - help, Q - select action, (/) - cycle Shift-Dir - straight line, f/p - adder
Aim: an adder (almost dead, 48% to hit)
The zap hits the adder.
You kill the adder!
* * * LOW HITPOINT WARNING * * *
You feel sick.
Unknown command.
It was a potion of flight.
You feel very buoyant.
You fly up into the air.
You die...

####################
.......@...........#
##################.#
#.# #.#
#######.#####
.............
.............
.............
............#


There were no monsters in sight!

Vanquished Creatures
  Terence (D:2)
  An adder (D:2)
  2 dart slugs (D:1)
  2 ball pythons (D:1)
  5 endoplasms
  2 giant cockroaches (D:1)
  2 goblins
  3 hobgoblins
  A quokka (D:2)
  2 bats
  2 frilled lizards (D:1)
  4 kobolds
  2 rats (D:1)
  A spectral goblin (D:1)
30 creatures vanquished.

Notes
Turn   | Place    | Note
-------+----------+-------------------------------------------
     0 | D:1      | pkoi the Demigod Air Elementalist began the quest for the
                  | Orb.
     0 | D:1      | Reached XP level 1. HP: 14/14 MP: 5/5
   105 | D:1      | Reached skill level 3 in Air Magic
   412 | D:1      | Reached XP level 2. HP: 20/20 MP: 1/7
  1849 | D:2      | Noticed Terence
  1872 | D:2      | Killed Terence
  1873 | D:2      | Reached skill level 4 in Air Magic
  1873 | D:2      | Reached XP level 3. HP: 26/26 MP: 8/8
  2337 | D:2      | HP: 1/26 [poisoned by an adder]
  2338 | D:2      | Succumbed to an adder's poison

Illustrated notes

Levels and vault maps discovered:
D:1:      dpeg_arrival_stonehenge_8_columns, layout_loops_ring,
          dreamdust_ecumenical_altar_drowned_temple, minmay_misc_feat_doors
D:2:      layout_basic, kennysheep_flooded_box, uniq_terence

Skill      XL: |  1  2 |
---------------+-------+-----
Air Magic      | 3 4 |  4.5
Dodging        | |  1.7
Stealth        | |  1.7
Spellcasting   | |  1.7
Conjurations   | |  0.8

Action                   || total
-------------------------++-------
Melee: Dagger            ||    15
       Whip              ||    19
 Cast: Shock             ||    73
  Use: Scroll            ||     2
       Potion            ||     1
Armor: Skin              ||     9
       Robe              ||     3
Dodge: Dodged            ||    21
